 Dungeon Crawl Stone Soup version 0.32-a0-471-gb91d5d9764 (webtiles) character file.

Game seed: 12491889292275259236

1 KnightOfAutumn the Magician (level 1, 0/13 HPs)
             Began as a Mummy Earth Elementalist on Feb 25, 2024.
             Slain by a hobgoblin (4 damage)
             ... on level 1 of the Dungeon.
             The game lasted 00:00:08 (96 turns).

KnightOfAutumn the Magician (MuEE)                    Turns: 96, Time: 00:00:09

Health: 0/13       AC:  2    Str: 11    XL:     1   Next: 16%
Magic:  0/4        EV: 12    Int: 14    God:
Gold:   36         SH:  0    Dex: 12    Spells: 4/5 levels left

rFire   x . .        (no weapon)
rCold   + . .        (no shield)
rNeg    + + +        a - +0 robe
rPois   ∞            (no helmet)
rElec   .            (no cloak)
rCorr   .            (no gloves)
SInv    .            (no boots)
Will    .....        (no amulet)
Stlth   ++           (no ring)
HPRegen 0.22/turn    (no ring)
MPRegen 0.09/turn

%: faith
@: no status effects
A: cold resistance 1, negative energy resistance 3, torment resistance 2, heat
vulnerability 1, in touch with death 1, no potions, faith
a: no special abilities


You were on level 1 of the Dungeon.
You visited 1 branch of the dungeon, and saw 1 of its levels.

You collected 36 gold pieces.

Inventory:

Armour
 a - a +0 robe (worn)


   Skills:
 - Level 1.5 Dodging
 - Level 1.5 Stealth
 + Level 2.7 Spellcasting
 * Level 0.8 Conjurations
 * Level 2.4 Earth Magic


You had 4 spell levels left.
You knew the following spells:

 Your Spells              Type           Power      Damage    Failure   Level
s - Sandblast             Erth           16%        2d6       9%          1

Your spell library contained the following spells:

 Spells                   Type           Power      Damage    Failure   Level
 Passwall                 Erth           8%         N/A       24%         3
 Stone Arrow              Conj/Erth      12%        3d7       34%         3
 Brom's Barrelling Bould  Conj/Erth      6%         2d3       75%         4
 Petrify                  Alch/Erth      5%         N/A       80%         4


Dungeon Overview and Level Annotations

Branches:
Dungeon (1/15)

Altars:


Innate Abilities, Weirdness & Mutations

You are immune to poison.
Your flesh is cold resistant. (rC+)
You are immune to negative energy. (rN+++)
You are immune to unholy pain and torment.
You are vulnerable to heat. (rF-)
You are in touch with the powers of death.
You do not drink.
You have a special connection with the divine. (Faith)


Message History

Press ? for a list of commands and other information.
Found 26 gold pieces and a robe.
Found a staircase leading out of the dungeon.
You now have 11 gold pieces.
You now have 21 gold pieces (gained 10).
You now have 26 gold pieces (gained 5).
You see here a +0 robe.
Key pressed, stopping explore.
You now have 36 gold pieces (gained 10).
A bat comes into view.
Found a stone staircase leading down.
A bat is nearby!
A bat is nearby!
The bat hits you but does no damage.
The blast of sand hits the bat.
You kill the bat!
You can't see any susceptible monsters within range! (Use Z to cast anyway.) Magic restored.
Found 4 stones.
There is a stone staircase leading down here.
A bat and a hobgoblin come into view.
There are monsters nearby!
There are monsters nearby!
A hobgoblin comes into view.
Found a long sword.
The hobgoblin shouts!
The blast of sand hits the bat!
You kill the bat!
The hobgoblin shouts!
The blast of sand misses the hobgoblin.
The blast of sand misses the hobgoblin.
The hobgoblin hits you. x3
The hobgoblin closely misses you.
Casting: Sandblast (safe; 9% risk of failure)
Confirm with . or Enter, or press ? or * to list all spells.
Aiming: Sandblast (safe; 9% risk of failure)
Press: ? - help, Shift-Dir - straight line, f/p - hobgoblin
Aim: a hobgoblin (81% to hit)
The blast of sand hits the hobgoblin but does no damage.
The hobgoblin misses you. The hobgoblin hits you.
You die...

#)##.##....
##.........
...........
#............
#.#....†.#...
#........##.#
......g..##.#
#....g@.##.#
...##.##.##.# #
#.##.#######
#..........#
###>.#####.#
##.#.## #.# ##
##.###.###.###..
#.## ##.##...#.#
##.###.#####.#.#


You could see 2 hobgoblins.

Vanquished Creatures
  2 bats (D:1)
2 creatures vanquished.

Notes
Turn   | Place    | Note
-------+----------+-------------------------------------------
     0 | D:1      | KnightOfAutumn the Mummy Earth Elementalist began the quest
                  | for the Orb.
     0 | D:1      | Reached XP level 1. HP: 13/13 MP: 4/4
    96 | D:1      | Slain by a hobgoblin

Illustrated notes

Levels and vault maps discovered:
D:1:      enne_arrival_octagon_isle, layout_loops_ring, minmay_strange_pillars

Action                     || total
---------------------------++-------
   Cast: Sandblast         ||     5
 Armour: Robe              ||     5
  Dodge: Dodged            ||     2

Table legend: (Time is in decaauts)
 A = Elapsed time spent in this place.
 B = Non-inter-level travel time spent in this place.
 C = Inter-level travel time spent in this place.
 D = Time resting spent in this place.
 E = Time spent auto-exploring this place.
 F = Levels seen in this place.
 G = Mean time per level.
                   A        B        C        D        E       F      G
               +--------+--------+--------+--------+--------+-----+--------+
         Total |     98 |     98 |      0 |      0 |     87 |   1 |   98.0 |
       Dungeon |     98 |     98 |      0 |      0 |     87 |   1 |   98.0 |
               +--------+--------+--------+--------+--------+-----+--------+

Top non-repeatable levels by time:
     D:1: 98 daAuts
